 Dungeon Crawl Stone Soup version 0.29.1-2-gbd0b4ee654 (webtiles) character file.

Game seed: 1506656096717948758

27 mortz the Chopper (level 3, -1/33 HPs)
             Began as a Hill Orc Monk on Nov 12, 2022.
             Slain by Terence
             ... wielding a +0 flail
              (4 damage)
             ... on level 2 of the Dungeon.
             The game lasted 00:05:02 (1355 turns).

mortz the Chopper (Hill Orc Monk)                   Turns: 1355, Time: 00:05:02

Health: -1/33      AC: 10    Str: 15    XL:     3   Next: 10%
Magic:  3/3        EV:  8    Int: 10    God:
Gold:   70         SH:  0    Dex: 13    Spells: 2/2 levels left

rFire   . . .      SeeInvis .   a - +0 hand axe
rCold   . . .      Faith    .   (no shield)
rNeg    . . .      Spirit   .   m - +0 plate armour
rPois   .          Reflect  .   (no helmet)
rElec   .          Harm     .   (no cloak)
rCorr   .          Rampage  .   (no gloves)
Will    .....                   (no boots)
Stlth   ..........              (no amulet)
HPRegen 0.11/turn               b - +4 ring of evasion
MPRegen 0.08/turn               (no ring)

@: no status effects
A: no striking features
a: no special abilities


You were on level 2 of the Dungeon.
You visited 1 branch of the dungeon, and saw 2 of its levels.

You collected 70 gold pieces.

Inventory:

Hand Weapons
 a - a +0 hand axe (weapon)
 j - a +1 trident of flaming
Armour
 e - a +0 scale mail
 m - a +0 plate armour (worn)
Jewellery
 b - a +4 ring of evasion (left hand)
 h - a ring of protection from cold
Scrolls
 d - a scroll of amnesia {unknown}
 f - a scroll of poison {unknown}
 l - a scroll of torment {unknown}
 n - a scroll of teleportation {unknown}
Potions
 c - a potion of ambrosia
 g - a potion of heal wounds {unknown}
 k - a potion of mutation {unknown}


   Skills:
 + Level 4.0 Fighting
 + Level 4.6 Axes
 + Level 0.7 Armour
 + Level 2.6 Dodging
 + Level 1.6 Stealth


You had 2 spell levels left.
You didn't know any spells.
Your spell library contained the following spells:

 Spells                   Type           Power      Damage    Failure   Level
 Shock                    Conj/Air       0%         1d3       100%        1
 Swiftness                Air            0%         N/A       100%        3
 Airstrike                Air            0%         2d(0-16)  100%        4


Dungeon Overview and Level Annotations

Branches:
Dungeon (2/15) Zot: 10635

Altars:

Shops:
D:1 (

Annotations:
D:2 Terence


Message History

You hit Terence.
Terence is severely wounded.
Terence hits you with a +0 flail.
You hit Terence but do no damage.
Terence is severely wounded.
Terence hits you with a +0 flail.
You are too injured to fight recklessly!
You are too injured to fight recklessly!
You are too injured to fight recklessly!
You are too injured to fight recklessly!
You are too injured to fight recklessly!
You hit Terence but do no damage.
Terence is severely wounded.
Terence barely misses you.
You barely miss Terence.
Terence is severely wounded.
Terence barely misses you.
You hit Terence but do no damage.
Terence is severely wounded.
You barely miss Terence.
Terence is severely wounded.
Terence hits you with a +0 flail.
You hit Terence. You punch Terence, but do no damage.
Terence is almost dead.
Terence hits you with a +0 flail.
You hit Terence.
Terence is almost dead.
You hit Terence but do no damage.
Terence is almost dead.
Terence closely misses you.
You barely miss Terence.
Terence is almost dead.
Terence hits you with a +0 flail!
* * * LOW HITPOINT WARNING * * *
You hit Terence but do no damage.
Terence is almost dead.
Terence barely misses you.
Terence says, "You're history."
Terence hits you with a +0 flail.
You die...

###....... ........g.
......... ....@....
#........ .######........
.......)#
..>.....######.#
.........g@@.#.#
........####.#.#####
........#...........
....................
#.......#.......$...
.............#...........
.............##.#'#.####
.............##.#.#.#
......#########.#.#


You could see Terence and a goblin.

Vanquished Creatures
  A dart slug (D:1)
  6 endoplasms (D:1)
  A giant cockroach (D:1)
  3 goblins (D:1)
  A quokka (D:1)
  3 ball pythons (D:1)
  A bat (D:1)
  A frilled lizard (D:1)
  3 kobolds
  3 rats (D:1)
23 creatures vanquished.

Vanquished Creatures (others)
  2 fungi (D:1)
  A plant (D:1)
3 creatures vanquished.

Grand Total: 26 creatures vanquished

Notes
Turn   | Place    | Note
-------+----------+-------------------------------------------
     0 | D:1      | mortz the Hill Orc Monk began the quest for the Orb.
     0 | D:1      | Reached XP level 1. HP: 19/19 MP: 1/1
   361 | D:1      | Found a faded altar of an unknown god.
   386 | D:1      | Reached XP level 2. HP: 27/27 MP: 2/2
   822 | D:1      | Reached XP level 3. HP: 31/33 MP: 3/3
  1124 | D:1      | Found Gokh's Antique Weapon Shop.
  1328 | D:2      | Noticed Terence
  1355 | D:2      | Slain by Terence

Illustrated notes

Levels and vault maps discovered:
D:1:      dpeg_arrival_three_same_balls, layout_basic, serial_shops,
          nicolae_shop_advertising_works [nicolae_subvault_shop_adworks],
          shapermc_ecumenical_altar_mp_ritualfount, minmay_pentomino_v2
D:2:      layout_basic, uniq_terence

Skill      XL: |  1  2 |
---------------+-------+-----
Fighting       | 4 |  4.0
Axes           | |  4.6
Armour         | |  0.7
Dodging        | |  2.6
Stealth        | |  1.6

Action                   || total
-------------------------++-------
Melee: Hand axe          ||    87
       Punch             ||     1
Throw: Stone             ||     8
Armor: Scale mail        ||    15
       Plate armour      ||     6
Dodge: Dodged            ||    42
